 Dungeon Sprint DCSS version 0.31-a0-743-g45f7035092 (webtiles) character file.

Game seed: 185719701411427686

278 sircluck the Ruffian (level 6, -13/68 HPs)
             Began as a Troll Berserker on Sept 12, 2023.
             Was a Follower of Trog.
             Mangled by a dream sheep (20 damage)
             ... in the Dungeon (Sprint VII: "The Pits").
             The game lasted 00:00:18 (72 turns).

sircluck the Ruffian (Troll Berserker)                Turns: 72, Time: 00:00:18

Health: -13/68     AC:  4    Str: 28    XL:     6   Next: 5%
Magic:  5/5        EV:  1    Int:  3    God:    Trog [*.....]
Gold:   0          SH:  0    Dex:  9    Spells: 5/5 levels left

rFire   . .          .
                       - Unarmed
rCold   . . .        (no shield)
rNeg    . . .        a - +0 animal skin
rPois   .            (helmet restricted)
rElec   .            (no cloak)
rCorr   .            (gloves unavailable)
SInv    .            (boots unavailable)
Will    .....        (no amulet)
Stlth   +            (no ring)
HPRegen 1.11/turn    (no ring)
MPRegen 0.09/turn

%: no teleportation
@: sleeping
A: large, unfitting armour, claws 3, regeneration 1, shaggy fur 1, tough skin 1
a: Renounce Religion, Berserk


You were in the Dungeon.
You worshipped Trog.
Trog was aware of your devotion.
You visited 1 branch

Inventory:

Armour
 a - a +0 animal skin (worn)
Scrolls
 g - a scroll of blinking
Potions
 b - a potion of curing
 c - a potion of heal wounds
 d - a potion of haste
 e - 2 potions of magic
 f - a potion of berserk rage


   Skills:
 + Level 6.6 Fighting
 + Level 6.5 Dodging
 + Level 7.9 Unarmed Combat


You had 5 spell levels left.
You didn't know any spells.
Your spell library was empty.

Dungeon Overview and Level Annotations

Branches:
Dungeon (1/1)

Altars:


Innate Abilities, Weirdness & Mutations

You are too large for most types of armour.
You have claws for hands.
Your natural rate of healing is unusually fast.
You are covered in fur. (AC +1)
You have tough skin. (AC +1)


Message History

The dream sheep bites you but does no damage.
You completely miss the dream sheep.
The dream sheep is lightly wounded.
The dream sheep bleats!
You hear a bleat!
A dream sheep comes into view.
The dream sheep bites you but does no damage. x2
You claw the dream sheep!
The dream sheep is almost dead.
The dream sheep bites you but does no damage.
The dream sheep bites you!
You claw the dream sheep!
You kill the dream sheep!
Trog accepts your kill. The dream sheep bites you.
Your Fighting skill gained 2 levels and is now at level 6!
Your Dodging skill gained 2 levels and is now at level 6!
Your Unarmed Combat skill gained 2 levels and is now at level 7!
You have reached level 5!
You have reached level 6!
You feel stronger.
There is an open door to the Storerooms (Easy), spattered with blood here.
The dream sheep are wreathed in dream dust.
You feel drowsy...
You fall asleep.
The dream sheep bleats!
The dream sheep bites you!
You wake up.
* * * LOW HITPOINT WARNING * * *
Unknown command.
Unknown command.
Unknown command.
Unknown command.
You closely miss the dream sheep. The dream sheep misses you.
You closely miss the dream sheep. You closely miss the dream sheep.
The dream sheep bites you!
* * * LOW HITPOINT WARNING * * *
You mangle the dream sheep!! Your claw misses the dream sheep.
The dream sheep is almost dead.
The dream sheep are wreathed in dream dust.
You feel drowsy...
You fall asleep.
The dream sheep bites you!!
You die...

##########++#### #+
#............... +.
#......#..#.....
######.##Y..............
.......@YYY.............
###+#####Y.....#..#.....
#...............
####'#####++####
#.......# #.......#
#.......# #...<...#
#.......#


You could see 5 dream sheep.

Vanquished Creatures
  A dream sheep (D)
  A floating eye (D)
2 creatures vanquished.

Notes
Turn   | Place    | Note
-------+----------+-------------------------------------------
     0 | D        | sircluck the Troll Berserker began the quest for the Orb.
     0 | D        | Reached XP level 1. HP: 22/22 MP: 0/0
    34 | D        | Noticed a dream sheep
    34 | D        | Noticed a dream sheep
    34 | D        | Noticed a dream sheep
    34 | D        | Noticed a dream sheep
    50 | D        | Noticed a floating eye
    54 | D        | Killed a floating eye
    55 | D        | Reached skill level 5 in Unarmed Combat
    55 | D        | Reached XP level 2. HP: 33/33 MP: 1/1
    55 | D        | Reached XP level 3. HP: 41/41 MP: 2/2
    55 | D        | Reached XP level 4. HP: 49/49 MP: 3/3
    59 | D        | Noticed a dream sheep
    60 | D        | Noticed a dream sheep
    62 | D        | Killed a dream sheep
    63 | D        | Reached skill level 7 in Unarmed Combat
    63 | D        | Reached XP level 5. HP: 18/61 MP: 4/4
    63 | D        | Reached XP level 6. HP: 21/68 MP: 5/5
    68 | D        | HP: 3/68 [dream sheep (8)]
    72 | D        | Mangled by a dream sheep

Illustrated notes

Levels and vault maps discovered:
D:        pitsprint [storerooms_1, entrance_room_1, metal_vault_3, armoury_2,
          mini_pit_1, grid_room_1, main_hall_1, silver_pit, the_coven_3,
          the_vestibule_1, steel_vault_2, golden_pit, hallway_of_sentries,
          crystal_vault_2, iron_vault_1, final_vault]

Skill      XL: |  1  2  3  4 |
---------------+-------------+-----
Fighting       | 4 6 |  6.6
Dodging        | 4 6 |  6.5
Unarmed Combat | 5 7 |  7.9

Action                     |  1- 3 |  4- 6 || total
---------------------------+-------+-------++-------
  Melee: Unarmed           |     2 |     9 ||    11
 Armour: Animal skin       |       |    12 ||    12
  Dodge: Dodged            |       |     1 ||     1

Table legend: (Time is in decaauts)
 A = Elapsed time spent in this place.
 B = Non-inter-level travel time spent in this place.
 C = Inter-level travel time spent in this place.
 D = Time resting spent in this place.
 E = Time spent auto-exploring this place.
 F = Levels seen in this place.
 G = Mean time per level.
                   A        B        C        D        E       F      G
               +--------+--------+--------+--------+--------+-----+--------+
         Total |     70 |     70 |      0 |      0 |      0 |   1 |   70.0 |
       Dungeon |     70 |     70 |      0 |      0 |      0 |   1 |   70.0 |
               +--------+--------+--------+--------+--------+-----+--------+

Top non-repeatable levels by time:
       D: 70 daAuts
